 Dungeon Crawl Stone Soup version 0.25-a0-589-g1e14c549ee (webtiles) character file.

Game seed: 9634316971572480345, levelgen mode: deterministic

105 ReteAZ the Poker (level 4, 0/35 HPs)
             Began as a Merfolk Gladiator on Mar 13, 2020.
             Slain by a hippogriff (4 damage)
             ... on level 3 of the Dungeon.
             The game lasted 00:02:50 (1436 turns).

ReteAZ the Poker (Merfolk Gladiator)                Turns: 1436, Time: 00:02:50

Health: 0/35       AC:  4    Str: 14    XL:     4   Next: 81%
Magic:  4/4        EV: 14    Int:  7    God:
Gold:   150        SH:  0    Dex: 16    Spells: 3/3 levels left

rFire    . . .     SeeInvis .   a - +0 trident
rCold    . . .     Gourm    .   (no shield)
rNeg     . . .     Faith    .   k - +0 leather armour
rPois    .         Spirit   .   c - +0 helmet
rElec    .         Reflect  .   (no cloak)
rCorr    .         Harm     .   (no gloves)
MR       .....                  (no boots)
Stlth    +.........             (no amulet)
HPRegen  0.11/turn              (no ring)
MPRegen  0.09/turn              (no ring)

@: no status effects
A: change form in water, swift swim, stealthy swim
a: no special abilities


You were on level 3 of the Dungeon.
You were not hungry.

You visited 1 branch of the dungeon, and saw 3 of its levels.

You collected 150 gold pieces.

Inventory:

Hand Weapons
 a - a +0 trident (weapon)
 b - a +0 hunting sling of freezing
Missiles
 d - 3 throwing nets
 i - 2 boomerangs (quivered)
 l - 10 sling bullets
 n - 12 poisoned darts
Armour
 c - a +0 helmet (worn)
 k - a +0 leather armour (worn)
Jewellery
 j - a +4 amulet of reflection {unknown}
 s - a +3 ring of intelligence {unknown}
 v - an uncursed ring of see invisible {unknown}
Scrolls
 e - a scroll of magic mapping {unknown}
 h - 2 scrolls of teleportation {unknown}
 p - a scroll of enchant weapon {unknown}
 q - 2 scrolls of identify {unknown}
 r - a scroll of remove curse {unknown}
 t - a scroll of immolation {unknown}
Potions
 m - a potion of flight {unknown}
 o - a potion of brilliance {unknown}
 u - a potion of heal wounds {unknown}
Comestibles
 f - 5 rations
 g - 2 chunks of flesh


   Skills:
 + Level 3.4 Fighting
 * Level 6.9 Polearms
 - Level 2.0 Throwing
 - Level 4.0 Dodging


You had 3 spell levels left.
You didn't know any spells.
Your spell library was empty.

Dungeon Overview and Level Annotations

Branches:
Dungeon (3/15)

Altars:


Message History

The hippogriff barely misses you.
You barely miss the hippogriff.
The hippogriff is heavily wounded.
The hippogriff bites you but does no damage.
The hippogriff misses you. The hippogriff closely misses you.
You puncture the hippogriff!
The hippogriff is severely wounded.
The hippogriff misses you. The hippogriff pecks you. The hippogriff misses you.
You hit the hippogriff but do no damage.
The hippogriff is severely wounded.
The hippogriff bites you. The hippogriff pecks you!
The hippogriff completely misses you.
You hit the hippogriff but do no damage.
The hippogriff is severely wounded.
The hippogriff bites you!
* * * LOW HITPOINT WARNING * * *
The hippogriff pecks you.
* * * LOW HITPOINT WARNING * * *
The hippogriff claws you.
You die...

##### #.............# ....#
#.............# ....#
####.............#
....######................#
....#....#........).......#
...r'....#...)÷...........#
.!..#....#..).#######...###
######.###....#######...######
...........(((.H@.........>..#
..........#######..........#.#
..........# #.###...##.#.##
..........# #.##.#........#
..........# #.##.......#(.###
..........# #.##.#..<..<....#
#######.### #...........###.#
#.# #####.......†.# # #..
...........#


You could see a hippogriff.

Vanquished Creatures
  3 adders
  3 oozes
  3 worms (D:2)
  2 dart slugs
  A leopard gecko (D:2)
  2 giant cockroaches
  10 goblins
  2 hobgoblins (D:2)
  A quokka (D:2)
  8 bats
  3 frilled lizards
  5 kobolds
  11 rats
54 creatures vanquished.

Notes
Turn   | Place    | Note
-------+----------+-------------------------------------------
     0 | D:1      | ReteAZ the Merfolk Gladiator began the quest for the Orb.
     0 | D:1      | Reached XP level 1. HP: 16/16 MP: 1/1
   148 | D:1      | Reached XP level 2. HP: 23/23 MP: 2/2
   149 | D:1      | Reached skill level 5 in Polearms
   665 | D:2      | Reached XP level 3. HP: 26/28 MP: 3/3
   823 | D:2      | Reached skill level 6 in Polearms
   885 | D:2      | Reached XP level 4. HP: 35/35 MP: 4/4
  1408 | D:3      | Noticed a hippogriff
  1436 | D:3      | Slain by a hippogriff

Levels and vault maps discovered:
D:1:      minmay_arrival_open_corners, layout_basic
D:2:      layout_loops_ring, st_stairs_10, kennysheep_generic_room_5
D:3:      corexii_shack_village, layout_basic, overflow_temple_1_default,
          cheibrodos_ashenzari_chains

Skill      XL: |  1  2  3 |
---------------+----------+-----
Polearms       | 5 6 |  6.9
Fighting       | 3 |  3.4
Throwing       | |  2.0
Dodging        | |  4.0

Action                   |  1- 3 |  4- 6 || total
-------------------------+-------+-------++-------
Melee: Trident           |    76 |    64 ||   140
 Fire: Hunting sling     |    15 |    16 ||    31
 Stab: Sleeping          |     1 |     2 ||     3
  Eat: Chunk             |       |     2 ||     2
Armor: Leather armour    |    11 |    15 ||    26
Dodge: Dodged            |    31 |    35 ||    66

Table legend:
 A = Non-vault XP
 B = Vault XP
 C = Vault XP percentage of total XP
 D = Non-vault monster count
 E = Vault monster count
 F = Vault count percentage of total count
                 A         B        C        D         E       F
            +---------+---------+-------+---------+---------+-------
      Total |     130 |      20 |  13.3 |      48 |       6 |  11.1
            +---------+---------+-------+---------+---------+-------
        D:1 |      28 |       0 |   0.0 |      17 |       0 |   0.0
        D:2 |      70 |      20 |  22.2 |      23 |       6 |  20.7
        D:3 |      32 |       0 |   0.0 |       8 |       0 |   0.0
            +---------+---------+-------+---------+---------+-------
